 Dungeon Crawl Stone Soup version 0.21.1-1-g345015f (webtiles) character file.

130 Supreme the Magician (level 4, 0/24 HPs)
             Began as a Deep Elf Wizard on Apr 26, 2018.
             Slain by a crocodile (14 damage)
             ... in a sewer.
             The game lasted 00:21:47 (2351 turns).

Supreme the Magician (Deep Elf Wizard)              Turns: 2351, Time: 00:21:51

Health: 0/24       AC:  2    Str:  4    XL:     4   Next: 90%
Magic:  3/13       EV: 13    Int: 28    God:
Gold:   132        SH:  3    Dex: 13    Spells: 1/14 levels left

rFire    . . .     SeeInvis .   e - +4 short sword (speed)
rCold    . . .     Gourm    .   (no shield)
rNeg     . . .     Faith    .   a - +0 robe
rPois    .         Spirit   .   b - +0 hat
rElec    .         Reflect  +   (no cloak)
rCorr    .         Harm     .   (no gloves)
MR       .....                  (no boots)
Stlth    ++........             i - +3 amulet of reflection
HPRegen  0.08/turn              h - +4 ring of intelligence
MPRegen  0.13/turn              (no ring)

@: very slightly contaminated
A: no striking features
a: no special abilities


You were in a sewer.
You were not hungry.

You visited 1 branch of the dungeon, and saw 3 of its levels.
You also visited: Sewer.

You collected 132 gold pieces.

Inventory:

Hand Weapons
 e - a +4 short sword of speed (weapon)
 f - a +4 whip of venom
 k - a +0 spear
 l - a +1 falchion of slicing
Missiles
 j - 9 poisoned needles
 o - 32 stones (quivered)
Armour
 a - a +0 robe (worn)
 b - a +0 hat (worn)
 n - +0 ice dragon scales
Jewellery
 h - a +4 ring of intelligence (left hand)
 i - a +3 amulet of reflection (around neck)
 w - a cursed amulet of inaccuracy {unknown}
Scrolls
 g - 2 scrolls of remove curse {unknown}
 m - 2 scrolls of identify {unknown}
 q - a scroll of fog {unknown}
 u - a scroll of magic mapping {unknown}
 x - a scroll of teleportation {unknown}
Potions
 p - a potion of heal wounds {unknown}
 r - a potion of degeneration {unknown}
 s - a potion of resistance {unknown}
 z - a potion of cancellation {unknown}
 A - 2 potions of flight {unknown}
Books
 c - a book of Minor Magic

   Spells                             Type                      Level
   a - Magic Dart                     Conjuration                  1
   b - Blink                          Translocation                2
   c - Call Imp                       Summoning                    2
   d - Slow                           Hexes                        2
   e - Conjure Flame                  Conjuration/Fire             3
   f - Mephitic Cloud                 Conjuration/Poison/Air       3
 v - a book of Changes

   Spells                             Type                      Level
   a - Beastly Appendage              Transmutation                1
   b - Sticks to Snakes               Transmutation                2
   c - Spider Form                    Transmutation/Poison         3
   d - Ice Form                       Ice/Transmutation            4
   e - Blade Hands                    Transmutation                5
Comestibles
 d - 8 rations


   Skills:
 + Level 1.5 Short Blades
 + Level 3.1 Dodging
 + Level 3.1 Stealth
 + Level 5.8 Spellcasting
 + Level 2.5 Conjurations
 + Level 1.1 Summonings
 + Level 1.2 Translocations


You had one spell level left.
You knew the following spells:

 Your Spells              Type           Power        Failure   Level  Hunger
a - Magic Dart            Conj           ###.         2%          1    None
b - Blink                 Tloc           N/A          5%          2    None
c - Call Imp              Summ           ##......     6%          2    None
d - Slow                  Hex            #.......     10%         2    None
e - Conjure Flame         Conj/Fire      ###.....     11%         3    None
f - Mephitic Cloud        Conj/Pois/Air  ##......     13%         3    None


Dungeon Overview and Level Annotations

Branches:
Dungeon (3/15)

Altars:
Okawaru
The Shining One


Message History

You see here a short sword.
The crocodile barely misses you.
You see here a club.
Casting: Blink
Confirm with . or Enter, or press ? or * to list all spells.
You blink.
Splash!
You fall into the shallow water.
Moving in this stuff is going to be slow.
Found 15 gold pieces and a dark potion.
Your magical contamination has completely faded away.
You enter the shallow water.
Moving in this stuff is going to be slow.
Casting: Blink
Confirm with . or Enter, or press ? or * to list all spells.
You miscast Blink.
You are very lightly contaminated with residual magic.
Your skin tingles.
The crocodile bites you!
Ouch! That really hurt!
You die...

######## #≈##### #
###......### ##≈##...
#$ ###..≈.≈..≈≈.###
#.≈.#.∩.
#/.##...t.####.≈.≈.###
#.≈...∩. ###...≈.###
###≈≈...###.≈.....
#....≈.##
##......))≈.####
###≈..≈.###
###≈≈...###.≈.....
#$.##....≈####≈≈...###
#.≈..... #!
###...≈≈.t@≈.###
#.≈.#... #
###....≈.### ##≈##...
######## #≈###.#
#≈##..# #≈##..#
####!.# ####


You could see a crocodile.

Vanquished Creatures
  5 adders
  A river rat (D:3)
  An ooze (D:1)
  A dart slug (D:1)
  3 leopard geckos (D:1)
  3 orcs (D:3)
  8 ball pythons
  A giant cockroach (D:2)
  5 goblins
  5 hobgoblins
  4 jackals
  9 kobolds
  4 bats
  7 frilled lizards
  9 rats
66 creatures vanquished.

Notes
Turn   | Place    | Note
-------+----------+-------------------------------------------
     0 | D:1      | Supreme the Deep Elf Wizard began the quest for the Orb.
     0 | D:1      | Reached XP level 1. HP: 10/10 MP: 7/7
   128 | D:1      | Reached XP level 2. HP: 15/15 MP: 3/9
   154 | D:1      | Reached skill level 5 in Spellcasting
   451 | D:1      | Found an iron altar of Okawaru.
   492 | D:1      | Reached XP level 3. HP: 19/19 MP: 9/11
   525 | D:1      | Learned a level 2 spell: Blink
   528 | D:1      | Learned a level 2 spell: Call Imp
   531 | D:1      | Learned a level 2 spell: Slow
   535 | D:1      | Learned a level 3 spell: Conjure Flame
  1710 | D:3      | Reached skill level 1 in Short Blades
  1724 | D:3      | Reached XP level 4. HP: 24/24 MP: 8/13
  1733 | D:3      | Found a glowing golden altar of the Shining One.
  2150 | D:3      | Found a glowing drain.
  2167 | Sewer    | Entered a sewer
  2173 | Sewer    | Learned a level 3 spell: Mephitic Cloud
  2299 | Sewer    | Noticed a crocodile
  2351 | Sewer    | Slain by a crocodile

Skill      XL: |  1  2  3  4 |
---------------+-------------+-----
Spellcasting   | 5 |  5.8
Dodging        | 3 |  3.1
Conjurations   | 2 |  2.5
Short Blades   | 1 |  1.5
Stealth        | 3 |  3.1
Summonings     | |  1.1
Translocations | |  1.2

Action                   |  1- 3 |  4- 6 || total
-------------------------+-------+-------++-------
Melee: Short sword       |    32 |    22 ||    54
 Cast: Magic Dart        |    76 |    35 ||   111
       Blink             |     2 |     7 ||     9
 Stab: Sleeping          |     2 |     1 ||     3
  Eat: Chunk             |     2 |     2 ||     4
Armor: Robe              |     4 |     1 ||     5
Dodge: Dodged            |    24 |    13 ||    37
Block: Other             |     2 |     4 ||     6
